 Dungeon Sprint DCSS version 0.19-a0-475-gfca3800 (webtiles) character file.

437573 Loading the End of an Era (level 19, 182/182 HPs)
             Began as a Formicid Fighter on June 4, 2016.
             Was the Champion of Qazlal.
             Escaped with the Orb!
             The game lasted 00:32:50 (3272 turns).

Loading the End of an Era (Formicid Fighter)        Turns: 3272, Time: 00:32:51

Health: 182/182    AC: 54    Str: 27    XL:     19   Next: 7%
Magic:  36/36      EV: 19    Int: 14    God:    Qazlal [******]
Gold:   0          SH: 46    Dex: 28    Spells: 0 memorised, 18 levels left

rFire  + + +     SeeInvis +     M - +7 great mace "Firestarter" {inner flame, rF++}
rCold  + + .     Gourm    .     m - +12 gold dragon armour
rNeg   + + +     Faith    .     L - +18 shield of the Gong {rElec rN+ MR+ EV-5}
rPois  +         Spirit   .     (helmet unavailable)
rElec  +         Dismiss  .     O - +2 cloak {MR+}
rCorr  .         Reflect  .     b - +2 pair of fencer's gloves {LBl+4 SBl+4 EV+3 Dex+6}
SustAt .         Harm     .     (no boots)
MR     +++..                    c - amulet "Urydoy" {RegenMP rF+ Str+6 Dex+3}
Stlth  ..........               S - ring of Faopty {rC+ rN+++ Int+4 Dex+3 Stlth-}
                                Y - ring of Robustness {AC+8}

@: studying 7 skills, repel missiles, extremely resistant to hostile
enchantments, extremely unstealthy
A: permanent stasis, dig shafts and tunnels, four strong arms, antennae 3
a: Dig, Upheaval, Elemental Force, Disaster Area, Renounce Religion
0: Orb of Zot


You escaped.
You worshipped Qazlal.
Qazlal was exalted by your worship.
You were very full.

You visited 1 branch

Inventory:

Hand Weapons
 M - the +7 great mace "Firestarter" (weapon) {inner flame, rF++}
   (You found it in the Dungeon)

   It has been specially enchanted to burn those struck by it, causing extra
   injury to most foes and up to half again as much damage against particularly
   susceptible opponents.
   It greatly protects you from fire.
 Q - the +8 whip "Snakebite" {curare, rPois}
   (You took it off a mottled draconian in the Dungeon)

   It poisons the flesh of those it strikes.
   It protects you from poison.
Armour
 b - the +2 pair of fencer's gloves (worn) {LBl+4 SBl+4 EV+3 Dex+6}
   (You found it in the Dungeon)

   It affects your evasion (+3).
   It affects your dexterity (+6).
 m - a +12 gold dragon armour (worn)
 L - the +18 shield of the Gong (worn) {rElec rN+ MR+ EV-5}
   (You found it in the Dungeon)

   It affects your evasion (-5).
   It insulates you from electricity.
   It protects you from negative energy.
   It affects your resistance to hostile enchantments.
 O - a +2 cloak of magic resistance (worn)
Jewellery
 c - the amulet "Urydoy" (around neck) {RegenMP rF+ Str+6 Dex+3}
   (You took it off a skeletal warrior in the Dungeon)

   [amulet of magic regeneration]

   It increases your magic regeneration.
   It affects your strength (+6).
   It affects your dexterity (+3).
   It protects you from fire.
 q - a +4 amulet of reflection
 B - an uncursed ring of wizardry
 C - the ring of the Middle {rF+ EV+4 Int+4 Dex+3}
   (You took it off a vampire in the Dungeon)

   [ring of evasion]

   It affects your evasion (+4).
   It affects your intelligence (+4).
   It affects your dexterity (+3).
   It protects you from fire.
 D - the macabre finger necklace {rN+}
   (You took it off a skeletal warrior in the Dungeon)

   [amulet of nothing]

   It protects you from negative energy.
 F - an uncursed ring of magical power
 P - the ring of Shadows {Umbra +Inv rN+ SInv}
   (You took it off a yellow draconian in the Dungeon)

   [ring of positive energy]

   It protects you from negative energy.
   It lets you see invisible.
   It lets you turn invisible.
 S - the ring of Faopty (right hand) {rC+ rN+++ Int+4 Dex+3 Stlth-}
   (You found it in the Dungeon)

   [ring of protection from cold]

   It affects your intelligence (+4).
   It affects your dexterity (+3).
   It protects you from cold.
   It renders you almost immune to negative energy.
   It makes you less stealthy.
 U - the ring "Cuen" {rPois MR+ Str+3}
   (You found it in the Dungeon)

   [ring of protection from magic]

   It affects your strength (+3).
   It protects you from poison.
   It affects your resistance to hostile enchantments.
 V - a +3 ring of protection
 Y - the ring of Robustness (left hand) {AC+8}
   (You found it in the Dungeon)

   [ring of protection]

   It affects your AC (+8).
 Z - the ring "Laung" {rF- rN+++ MR+ Str+5}
   (You found it in the Dungeon)

   [ring of protection from magic]

   It affects your strength (+5).
   It makes you vulnerable to fire.
   It renders you almost immune to negative energy.
   It affects your resistance to hostile enchantments.
Wands
 H - a wand of disintegration (7/24)
 I - a wand of iceblast (5/15)
 J - a wand of lightning (5/15)
 K - a wand of acid (5/15)
Scrolls
 a - 9 scrolls of brand weapon
 k - 4 scrolls of blinking
 s - 4 scrolls of amnesia
 t - 3 scrolls of recharging
 u - 7 scrolls of fog
 v - a scroll of holy word
 w - 5 scrolls of identify
 x - 5 scrolls of remove curse
 y - 2 scrolls of fear
 T - 4 scrolls of enchant weapon
Potions
 d - 8 potions of might
 e - 10 potions of curing
 g - 12 potions of heal wounds
 h - 14 potions of haste
 i - 7 potions of magic
 j - 3 potions of berserk rage
 n - 2 potions of brilliance
 o - 2 potions of invisibility
 p - 4 potions of resistance
 r - 6 potions of agility
Books
 l - a manual of Stealth
 E - a manual of Short Blades
 G - a manual of Slings
 N - a manual of Charms
 R - a manual of
Armour
 W - a manual of Bows
 X - a manual of Poison Magic
Comestibles
 f - 5 bread rations
 z - 29 fruits
 A - 4 meat rations


   Skills:
 + Level 24.4 Fighting
 O Level 27 Maces & Flails
 + Level 25.7 Armour
 + Level 17.2 Dodging
 + Level 26.1 Shields
 O Level 27 Invocations


You had 18 spell levels left.
You didn't know any spells.

Dungeon Overview and Level Annotations

Branches:
Dungeon (1/1)

Altars:
Ashenzari
Cheibriados
Dithmenos
Elyvilon
Fedhas
Gozag
Hepliaklqana
Kikubaaqudgha
Makhleb
Nemelex Xobeh
Okawaru
Pakellas
Qazlal
Ru
Sif Muna
Trog
Uskayaw
Vehumet
Xom
Yredelemnul
Zin
The Shining One
Beogh
Jiyva
Lugonu


Innate Abilities, Weirdness & Mutations

You are under a permanent stasis effect.
You can dig through walls and to a lower floor.
Your four strong arms can wield two-handed weapons with a shield.
You have a pair of large antennae on your head. (SInv)


Message History

You drop a +8 rod of inaccuracy (11/11).
R - a manual of Armour You see here a book of Alchemy.
You see here a +3 halberd of protection.
You see here a +2 scale mail of fire resistance.
You see here an uncursed ring of poison resistance.
Items here: )) ||| an uncursed staff of wizardry the cursed +0 longbow of Peace {freeze, rN+} a glaive; an uncursed staff of summoning; a cursed staff of cold Unknown command.
An exit appears before you!
Your surroundings seem different!
Found the Orb of Zot.
Found a staircase leading out of the dungeon.
You see here the Orb of Zot.
You pick up the Orb of Zot!
The Orb lets out a hideous shriek!
The lords of Pandemonium are not amused.
Beware!
Now all you have to do is get back out of the dungeon!
There is a staircase leading out of the dungeon here.
You have escaped!

...§.)......▓.............▓...8©8
.)..§.).....▓..▓.......▓..▓..)§.)
............▓.............▓..|§§[
............▓.............▓...§..
............▓.............▓......
............▓▓▓▓▓▓▓▓▓▓▓▓▓▓▓......
▓..†....▓...▓8888888888888▓......
▓▓.....▓▓▓..▓8..§..§.....8▓......
▓.......▓...▓8§.@........8▓.▓....
............▓8...........8▓......
............▓8888888888888▓▓▓▓▓▓▓
▓▓▓▓▓▓▓▓▓▓▓▓▓▓▓▓▓▓▓▓▓▓▓▓▓▓▓▓▓▓▓▓▓
.....8©8.}......▓........8©8.....
}[}[.[..§[=:[=|.▓.[.))):§)=§[:=}[
..:|".|.§|=|..).▓.|[=..}§.§}|::))
....)§|.§}..[)}.▓.).......§....=.
......|...).....▓................


There were no monsters in sight!

Vanquished Creatures
  2 shard shrikes (shapeshifter) (D)
  A shard shrike (D)
  A golden dragon (shapeshifter) (D)
  2 bone dragons (D)
  2 liches (D)
  3 Ice Fiends (D)
  A hellephant (D)
  A titan (shapeshifter) (D)
  An acid blob (shapeshifter) (D)
  8 tentacled starspawn (D)
  2 thorn hunters (D)
  A shadow dragon (D)
  A fire giant (D)
  2 frost giants (D)
  A ghost moth (shapeshifter) (D)
  A ghost moth (D)
  A reaper (D)
  An emperor scorpion (D)
  6 orc warlords (D)
  A spriggan defender (D)
  2 ironheart preservers (D)
  4 ghouls (D)
  6 stone giants (D)
  6 vampire knights (D)
  2 draconian callers (D)
  A green draconian (D)
  2 mottled draconians (D)
  4 black draconians (D)
  A purple draconian (D)
  2 yellow draconians (D)
  A spark wasp (D)
  2 blizzard demons (D)
  A red draconian (D)
  An ettin (D)
  2 crystal guardians (D)
  A vault guard (D)
  An entropy weaver (shapeshifter) (D)
  4 ice dragons (D)
  A rakshasa (D)
  2 naga warriors (D)
  2 ghost crabs (shapeshifter) (D)
  An ogre mage (D)
  3 spriggan air magi (D)
  A satyr (shapeshifter) (D)
  A dancing weapon (D)
  2 vampire magi (D)
  2 spriggan berserkers (D)
  A hell hog (shapeshifter) (D)
  An orc high priest (D)
  6 iron golems (D)
  2 soul eaters (D)
  2 shock serpents (shapeshifter) (D)
  A hell knight (D)
  14 skeletal warriors (D)
  A wretched star (D)
  A flayed ghost (D)
  A spriggan druid (D)
  8 starcursed masses (D)
  2 phantasmal warriors (D)
  3 hill giants (D)
  A hill giant (shapeshifter) (D)
  A shambling mangrove (D)
  3 orc sorcerers (D)
  6 necromancers (D)
  4 orc knights (D)
  A griffon (shapeshifter) (D)
  A manticore (shapeshifter) (D)
  A mana viper (shapeshifter) (D)
  An orb spider (shapeshifter) (D)
  2 shining eyes (D)
  5 ugly things (D)
  A faun (D)
  2 cyclopes (shapeshifter) (D)
  2 oklob plants (D)
  3 wolf spiders (D)
  6 orb spiders (D)
  2 shining eyes (shapeshifter) (D)
  A worldbinder (D)
  4 cyclopes (D)
  6 hornets (D)
  A black mamba (shapeshifter) (D)
  An eye of devastation (shapeshifter) (D)
  2 moths of wrath (D)
  2 naga magi (D)
  An eye of devastation (D)
  A rust devil (D)
  A smoke demon (D)
  3 hellions (D)
  A spiny frog (D)
  14 ice devils (D)
  2 demonic crawlers (D)
  A rime drake (D)
  A komodo dragon (D)
  2 yaktaurs (D)
  4 tormentors (D)
  2 kobold demonologists (D)
  3 dryads (D)
  10 freezing wraiths (D)
  2 ancient zymes (D)
  3 red devils (D)
  2 hellwings (D)
  A queen bee (shapeshifter) (D)
  4 trolls (D)
  A polar bear (D)
  A two-headed ogre (shapeshifter) (D)
  A polar bear (shapeshifter) (D)
  A wind drake (D)
  5 jumping spiders (D)
  A merfolk (shapeshifter) (D)
  3 two-headed ogres (D)
  A slime creature (shapeshifter) (D)
  A redback (shapeshifter) (D)
  7 large abominations (D)
  2 vampires (D)
  A tarantella (shapeshifter) (D)
  5 flying skulls (D)
  5 wraiths (D)
  4 redbacks (D)
  3 spriggans (D)
  6 tarantellas (D)
  4 ynoxinuls (D)
  5 shadows (D)
  A human (shapeshifter) (D)
  2 chaos spawn (D)
  A yak (shapeshifter) (D)
  8 neqoxecs (D)
  A golden eye (shapeshifter) (D)
  2 steam dragons (D)
  A golden eye (D)
  3 nagas (D)
  A water moccasin (D)
  3 hell hounds (D)
  A soldier ant (shapeshifter) (D)
  2 swamp drakes (D)
  4 wasps (D)
  A porcupine (D)
  6 orc warriors (D)
  An ice beast (D)
  4 necrophages (D)
  An eye of draining (shapeshifter) (D)
  An eye of draining (D)
  A sky beast (D)
  6 ogres (D)
  A boggart (D)
  2 phantoms (D)
  A wolf (D)
  4 earth elementals (D)
  10 small abominations (D)
  7 wights (D)
  2 quasits (D)
  3 orc priests (D)
  An orc wizard (D)
  3 iron imps (D)
  5 mummies (D)
  2 adders (D)
  2 river rats (D)
  A shadow imp (D)
  21 white imps (D)
  2 ufetubi (D)
  2 spectral adders (D)
  12 adder zombies (D)
  21 adder skeletons (D)
  A spectral bat (D)
  15 bat skeletons (D)
  12 bat zombies (D)
  A jackal (D)
  2 ball pythons (D)
  2 ball python skeletons (D)
  2 ball python zombies (D)
  A bat simulacrum (D)
  4 giant cockroach zombies (D)
  3 giant gecko skeletons (D)
  4 giant gecko zombies (D)
  4 jackal skeletons (D)
  3 jackal zombies (D)
  4 quokka skeletons (D)
  A quokka zombie (D)
  2 spectral giant geckos (D)
  2 spectral quokkas (D)
  27 briar patches (D)
  A lurking horror (D)
  5 starspawn tentacles (D)
  3 starspawn tentacle segments (D)
566 creatures vanquished.

Vanquished Creatures (others)
  A white imp (D)
  A giant cockroach zombie (D)
  7 starspawn tentacles (D)
  32 starspawn tentacle segments (D)
41 creatures vanquished.

Grand Total: 607 creatures vanquished

Notes
Turn   | Place    | Note
--------------------------------------------------------------
     0 | D        | Loading the Formicid Fighter began the quest for the Orb.
     0 | D        | Reached XP level 1. HP: 18/18 MP: 1/1
     5 | D        | Found a blossoming altar of Fedhas.
     5 | D        | Found a snail-covered altar of Cheibriados.
     5 | D        | Found a viscous altar of Jiyva.
     5 | D        | Found a roughly hewn altar of Beogh.
     5 | D        | Found a corrupted altar of Lugonu.
    11 | D        | Became a worshipper of Qazlal Stormbringer
    17 | D        | Found a white marble altar of Elyvilon.
    17 | D        | Found a shimmering altar of Xom.
    19 | D        | Found a deep blue altar of Sif Muna.
    19 | D        | Found a burning altar of Makhleb.
    19 | D        | Found a bloodstained altar of Trog.
    19 | D        | Found an iron altar of Okawaru.
    19 | D        | Found a sparkling altar of Nemelex Xobeh.
    19 | D        | Found a radiant altar of Vehumet.
    68 | D        | Reached skill level 5 in Maces & Flails
    68 | D        | Reached XP level 2. HP: 24/24 MP: 1/6
   120 | D        | Entered arena 1.
   120 | D        | Noticed a yaktaur
   120 | D        | Noticed a kobold demonologist
   126 | D        | Noticed a quasit
   126 | D        | Noticed a crimson imp
   127 | D        | Noticed an ice devil
   127 | D        | Killed a kobold demonologist
   127 | D        | Reached skill level 5 in Fighting
   127 | D        | Reached skill level 5 in Armour
   127 | D        | Reached XP level 3. HP: 31/33 MP: 7/9
   127 | D        | Reached XP level 4. HP: 37/39 MP: 7/10
   127 | D        | Reached XP level 5. HP: 42/44 MP: 7/11
   127 | D        | Reached XP level 6. HP: 48/51 MP: 7/12
   127 | D        | Killed a yaktaur
   127 | D        | Reached skill level 10 in Invocations
   127 | D        | Reached XP level 7. HP: 56/59 MP: 7/14
   187 | D        | Entered arena 2.
   187 | D        | Noticed a hellwing
   194 | D        | Killed a hellwing
   194 | D        | Reached * piety under Qazlal
   194 | D        | Reached XP level 8. HP: 59/67 MP: 14/16
   196 | D        | Reached ** piety under Qazlal
   238 | D        | Entered arena 3.
   243 | D        | Reached skill level 10 in Maces & Flails
   243 | D        | Reached *** piety under Qazlal
   266 | D        | Entered arena 4.
   266 | D        | Noticed a spriggan
   266 | D        | Noticed a spriggan
   266 | D        | Noticed a spriggan
   271 | D        | Killed a spriggan
   277 | D        | Killed a spriggan
   278 | D        | Killed a spriggan
   278 | D        | Reached **** piety under Qazlal
   278 | D        | Reached XP level 9. HP: 64/74 MP: 18/18
   359 | D        | Entered arena 5.
   359 | D        | Noticed a rime drake
   363 | D        | Killed a rime drake
   363 | D        | Reached ***** piety under Qazlal
   390 | D        | Entered arena 6.
   423 | D        | Entered arena 7.
   423 | D        | Noticed a komodo dragon
   423 | D        | Noticed a spiny frog
   424 | D        | Killed a spiny frog
   424 | D        | Reached ****** piety under Qazlal
   424 | D        | Reached skill level 10 in Shields
   424 | D        | Killed a komodo dragon
   424 | D        | Reached XP level 10. HP: 83/83 MP: 20/20
   476 | D        | Entered arena 8.
   476 | D        | Noticed an ironheart preserver
   476 | D        | Noticed a flayed ghost
   476 | D        | Noticed an ogre mage
   476 | D        | Noticed a vault guard
   476 | D        | Noticed a yaktaur
   476 | D        | Noticed an ironheart preserver
   478 | D        | Killed a flayed ghost
   478 | D        | Killed a vault guard
   478 | D        | Reached skill level 10 in Fighting
   478 | D        | Reached skill level 10 in Armour
   478 | D        | Reached skill level 15 in Invocations
   478 | D        | Killed an ogre mage
   478 | D        | Killed a yaktaur
   478 | D        | Killed an ironheart preserver
   478 | D        | Reached XP level 11. HP: 92/92 MP: 20/22
   484 | D        | Killed an ironheart preserver
   552 | D        | Entered arena 9.
   552 | D        | Noticed a purple ugly thing
   552 | D        | Noticed a shining eye
   552 | D        | Noticed a white ugly thing
   552 | D        | Noticed a shining eye
   552 | D        | Noticed a red ugly thing
   553 | D        | Killed a shining eye
   553 | D        | Killed a purple ugly thing
   553 | D        | Killed a shining eye
   553 | D        | Killed a red ugly thing
   553 | D        | Killed a white ugly thing
   601 | D        | Got the ring of Joy {+Inv rPois rF+ rC+ Dex-4}
   609 | D        | Entered arena 10.
   616 | D        | Reached skill level 15 in Maces & Flails
   735 | D        | Entered arena 11.
   735 | D        | Noticed an ice dragon
   736 | D        | Noticed a blizzard demon
   736 | D        | Killed a blizzard demon
   736 | D        | Reached XP level 12. HP: 102/102 MP: 24/24
   743 | D        | Killed an ice dragon
   791 | D        | Got the ring "Cuen" {rPois MR+ Str+3}
   812 | D        | Entered arena 12.
   812 | D        | Noticed an iron golem
   812 | D        | Noticed an iron golem
   812 | D        | Noticed an iron golem
   812 | D        | Noticed an iron golem
   813 | D        | Noticed an iron golem
   813 | D        | Noticed an iron golem
   813 | D        | Noticed a crystal guardian
   813 | D        | Noticed a crystal guardian
   816 | D        | Killed a crystal guardian
   816 | D        | Killed an iron golem
   816 | D        | Killed an iron golem
   816 | D        | Killed an iron golem
   821 | D        | Killed an iron golem
   823 | D        | Killed a crystal guardian
   828 | D        | Killed an iron golem
   834 | D        | Killed an iron golem
   980 | D        | Got the +1 cloak "Rodas" {Dex+3 SInv}
   992 | D        | Entered arena 13.
   993 | D        | Noticed a naga warrior
   993 | D        | Noticed a naga warrior
   995 | D        | Killed a naga warrior
   995 | D        | Reached XP level 13. HP: 111/111 MP: 26/26
  1001 | D        | Killed a naga warrior
  1062 | D        | Entered arena 14.
  1063 | D        | Noticed a black draconian
  1063 | D        | Noticed a black draconian caller
  1063 | D        | Noticed a purple draconian
  1063 | D        | Noticed a green draconian
  1063 | D        | Noticed a black draconian
  1063 | D        | Noticed a red draconian
  1063 | D        | Noticed a black draconian
  1063 | D        | Noticed a black draconian
  1063 | D        | Noticed a mottled draconian
  1064 | D        | Noticed a yellow draconian
  1064 | D        | Noticed a white draconian caller
  1064 | D        | Noticed a mottled draconian
  1064 | D        | Noticed a yellow draconian
  1065 | D        | Killed a black draconian
  1065 | D        | Killed a black draconian
  1065 | D        | Killed a green draconian
  1065 | D        | Killed a mottled draconian
  1065 | D        | Reached skill level 15 in Shields
  1065 | D        | Killed a black draconian
  1065 | D        | Killed a black draconian
  1065 | D        | Killed a yellow draconian
  1065 | D        | Reached skill level 15 in Armour
  1065 | D        | Killed a purple draconian
  1065 | D        | Killed a black draconian caller
  1065 | D        | Killed a red draconian
  1066 | D        | Killed a yellow draconian
  1066 | D        | Killed a white draconian caller
  1066 | D        | Killed a mottled draconian
  1159 | D        | Entered arena 15.
  1161 | D        | Noticed a ghost crab
  1161 | D        | Noticed a spark wasp
  1161 | D        | Noticed an entropy weaver
  1161 | D        | a spark wasp changed into an entropy weaver
  1162 | D        | Reached XP level 14. HP: 121/121 MP: 28/28
  1162 | D        | Reached skill level 15 in Fighting
  1340 | D        | Entered arena 16.
  1343 | D        | Noticed a tentacled starspawn
  1343 | D        | Noticed a starcursed mass
  1343 | D        | Noticed a tentacled starspawn
  1345 | D        | Killed a tentacled starspawn
  1345 | D        | Killed a tentacled starspawn
  1463 | D        | Got the ring of Faopty {rC+ rN+++ Int+4 Dex+3 Stlth-}
  1467 | D        | Got the ring "Xaffupp" {rElec Int+4 Dex+3 Slay-5}
  1481 | D        | Entered arena 17.
  1483 | D        | Noticed a thorn hunter
  1484 | D        | Noticed a spriggan defender
  1485 | D        | Noticed a thorn hunter
  1486 | D        | Killed a spriggan defender
  1487 | D        | Killed a thorn hunter
  1487 | D        | Killed a thorn hunter
  1487 | D        | Reached XP level 15. HP: 104/132 MP: 22/30
  1577 | D        | Got the +10 crystal plate armour of the Quahog {*Corrode rPois Regen+}
  1601 | D        | Entered arena 18.
  1604 | D        | Noticed a shadow dragon
  1607 | D        | Killed a shadow dragon
  1711 | D        | Got the ring "Laung" {rF- rN+++ MR+ Str+5}
  1718 | D        | Entered arena 19.
  1722 | D        | Noticed a frost giant
  1722 | D        | Noticed a stone giant
  1723 | D        | Noticed a stone giant
  1723 | D        | Noticed a stone giant
  1723 | D        | Noticed a stone giant
  1723 | D        | Noticed a frost giant
  1723 | D        | Noticed a fire giant
  1725 | D        | Killed a stone giant
  1725 | D        | Killed a frost giant
  1725 | D        | Killed a stone giant
  1725 | D        | Killed a stone giant
  1725 | D        | Killed a fire giant
  1726 | D        | Killed a stone giant
  1726 | D        | Killed a frost giant
  1827 | D        | Entered arena 20.
  1831 | D        | Noticed a shard shrike
  1831 | D        | Noticed an iron giant
  1831 | D        | Noticed a shard shrike
  1831 | D        | an iron giant changed into a shard shrike
  1832 | D        | Noticed an emperor scorpion
  1832 | D        | Noticed a ghost moth
  1832 | D        | an emperor scorpion changed into a ghost moth
  1832 | D        | Noticed an acid blob
  1832 | D        | Noticed a shard shrike
  1833 | D        | Killed a shard shrike
  1833 | D        | Killed a ghost moth
  1833 | D        | Killed a shard shrike
  1833 | D        | Reached XP level 16. HP: 143/143 MP: 32/32
  1833 | D        | Killed an acid blob
  1834 | D        | Noticed a shard shrike
  1834 | D        | Noticed an iron giant
  1834 | D        | a shard shrike changed into an iron giant
  1835 | D        | Noticed a titan
  1835 | D        | a shard shrike changed into a titan
  1836 | D        | Noticed a shard shrike
  1836 | D        | an iron giant changed into a shard shrike
  1838 | D        | Noticed a hellephant
  1838 | D        | a titan changed into a hellephant
  1840 | D        | Noticed a hellephant
  1840 | D        | a shard shrike changed into a hellephant
  1843 | D        | Noticed a titan
  1843 | D        | a hellephant changed into a titan
  1844 | D        | Noticed a shard shrike
  1844 | D        | a hellephant changed into a shard shrike
  1847 | D        | Noticed a juggernaut
  1847 | D        | a shard shrike changed into a juggernaut
  1850 | D        | Noticed a titan
  1850 | D        | a juggernaut changed into a titan
  1852 | D        | Killed a titan
  1852 | D        | Noticed a caustic shrike
  1852 | D        | a titan changed into a caustic shrike
  1856 | D        | Noticed an iron dragon
  1856 | D        | a caustic shrike changed into an iron dragon
  1862 | D        | Noticed a golden dragon
  1862 | D        | an iron dragon changed into a golden dragon
  1869 | D        | Killed a golden dragon
  1926 | D        | Got the ring "Pusaosh" {*Corrode rElec MR+ Str+3 Dex+3}
  1931 | D        | Entered arena 21.
  1938 | D        | Reached skill level 1 in Dodging
  2040 | D        | Entered arena 22.
  2049 | D        | Reached skill level 5 in Dodging
  2049 | D        | Reached skill level 27 in Invocations
  2051 | D        | Reached XP level 17. HP: 153/153 MP: 19/34
  2203 | D        | Entered arena 23.
  2209 | D        | Reached skill level 10 in Dodging
  2336 | D        | Got the +0 pair of gloves of Elyvilon's Esteem {rC+ Str+7}
  2385 | D        | Entered arena 24.
  2438 | D        | Got the amulet "Urydoy" {RegenMP rF+ Str+6 Dex+3}
  2468 | D        | Got the ring of the Middle {rF+ EV+4 Int+4 Dex+3}
  2483 | D        | Entered arena 25.
  2491 | D        | Noticed an Ice Fiend
  2492 | D        | Noticed a shard shrike
  2494 | D        | Killed a shard shrike
  2494 | D        | Killed an Ice Fiend
  2494 | D        | Reached XP level 18. HP: 73/166 MP: 35/35
  2752 | D        | Entered arena 26.
  2759 | D        | Noticed a lich
  2761 | D        | Noticed a hellephant
  2762 | D        | Noticed a bone dragon
  2762 | D        | Reached skill level 27 in Maces & Flails
  2762 | D        | Killed a lich
  2762 | D        | Killed a hellephant
  2762 | D        | Reached skill level 15 in Dodging
  2762 | D        | Killed a lich
  2763 | D        | Noticed a bone dragon
  2764 | D        | Killed a bone dragon
  2764 | D        | Killed a bone dragon
  3131 | D        | Entered arena 27.
  3139 | D        | Noticed an Ice Fiend
  3141 | D        | Killed an Ice Fiend
  3143 | D        | Noticed an Ice Fiend
  3144 | D        | Killed an Ice Fiend
  3144 | D        | Reached XP level 19. HP: 167/180 MP: 29/36
  3267 | D        | Got the Orb of Zot
  3272 | D        | Escaped with the Orb!

Vault maps used:
D:        sprint_v

Skill      XL: |  1  2  3  4  5  6  7  8  9 10 11 12 13 14 15 16 17 18 19 |
---------------+----------------------------------------------------------+-----
Maces & Flails | 5 8 9 11 12 13 15 16 18 20 22 24 26 27 | 27.0
Invocations    | 6 9 10 11 12 14 15 17 19 21 23 25 27 | 27.0
Fighting       | 5 6 7 8 9 10 12 13 14 16 18 19 21 24 | 24.4
Armour         | 5 6 7 8 9 10 12 13 16 18 20 21 23 25 | 25.7
Shields        | 6 7 9 10 11 12 14 15 17 19 21 23 25 26 | 26.1
Dodging        | 8 13 17 | 17.2

Action                   |  1- 3 |  4- 6 |  7- 9 | 10-12 | 13-15 | 16-18 | 19-21 || total
-------------------------+-------+-------+-------+-------+-------+-------+-------++-------
Melee: Great mace        |     6 |       |    40 |    38 |     9 |    47 |     4 ||   144
Invok: Disaster Area     |       |       |       |     6 |    11 |    15 |     1 ||    33
       Upheaval          |       |       |       |       |     1 |       |       ||     1
  Use: Potion            |     1 |       |       |       |       |       |       ||     1
       Scroll            |       |       |       |     4 |     4 |       |       ||     8
 Stab: Confused          |       |       |     1 |       |       |       |       ||     1
  Eat: Fruit             |       |       |       |       |    10 |     3 |       ||    13
       Royal jelly       |       |       |       |       |       |     2 |       ||     2
Armor: Gold dragon armou |     6 |       |    12 |    19 |     2 |    14 |     1 ||    54
Dodge: Dodged            |       |       |       |     2 |       |     9 |       ||    11
       Deflected         |       |       |       |       |       |     1 |       ||     1
Block: Shield            |    11 |     1 |    67 |    67 |    30 |    92 |     2 ||   270
       Reflection        |       |       |       |     1 |     6 |     2 |       ||     9
